 Dungeon Crawl Stone Soup version 0.30-a0-881-g1ff12e1e11 (webtiles) character file.

Game seed: 14361458163441976112

362 garrulousMonolith the Slasher (level 6, 0/51 HPs)
             Began as a Gnoll Reaver on Mar 15, 2023.
             Killed by divine providence
             ... invoked by an orc priest
              (10 damage)
             ... on level 3 of the Dungeon.
             The game lasted 00:04:06 (3094 turns).

garrulousMonolith the Slasher (Gnoll Reaver)        Turns: 3094, Time: 00:04:06

Health: 0/51       AC:  6    Str: 11    XL:     6   Next: 66%
Magic:  14/14      EV: 11    Int: 15    God:
Gold:   128        SH:  0    Dex: 10    Spells: 9/15 levels left

rFire   . . .      SeeInvis .    a - +0 falchion
rCold   . . .      Faith    .    (no shield)
rNeg    . . .      Spirit   .    y - +0 ring mail
rPois   +          Reflect  .    s - +0 helmet
rElec   .          Rampage  .    i - scarf {shadows}
rCorr   .                        (no gloves)
Will    .....                    (no boots)
Stlth   +                        (no amulet)
HPRegen 0.28/turn                x - ring of poison resistance
MPRegen 0.14/turn                (no ring)

@: attractive
A: fangs 1, strong nose, distributed training
a: no special abilities


You were on level 3 of the Dungeon.
You visited 1 branch of the dungeon, and saw 4 of its levels.

You collected 128 gold pieces.

Inventory:

Hand Weapons
 a - a +0 falchion (weapon)
 b - a +2 sling of flaming
Missiles
 r - a throwing net
Armour
 i - a scarf of shadows (worn)
 s - a +0 helmet (worn)
 y - a +0 ring mail (worn)
Jewellery
 p - an amulet of faith
 x - a ring of poison resistance (left hand)
Scrolls
 c - 2 scrolls of noise {unknown}
 f - 4 scrolls of immolation {unknown}
 g - 2 scrolls of torment {unknown}
 h - 3 scrolls of summoning {unknown}
 k - a scroll of amnesia {unknown}
 l - a scroll of enchant armour {unknown}
 m - 2 scrolls of acquirement {unknown}
 o - 3 scrolls of teleportation {unknown}
 t - a scroll of fear {unknown}
 u - a scroll of blinking {unknown}
 w - 2 scrolls of identify {unknown}
Potions
 d - a potion of haste {unknown}
 e - a potion of brilliance {unknown}
 j - a potion of might {unknown}
 n - a potion of attraction
 q - a potion of flight {unknown}
 z - a potion of degeneration {unknown}


   Skills:
 + Level 5.0 Fighting
 + Level 2.1 Short Blades
 + Level 6.9 Long Blades
 + Level 2.1 Axes
 + Level 2.1 Maces & Flails
 + Level 2.1 Polearms
 + Level 2.1 Staves
 + Level 2.1 Ranged Weapons
 + Level 2.1 Throwing
 + Level 2.1 Armour
 + Level 5.0 Dodging
 + Level 2.1 Stealth
 + Level 2.1 Shields
 + Level 2.1 Unarmed Combat
 + Level 5.4 Spellcasting
 + Level 5.7 Conjurations
 + Level 1.7 Hexes
 + Level 1.7 Summonings
 + Level 1.7 Necromancy
 + Level 1.7 Translocations
 + Level 1.7 Transmutations
 + Level 1.7 Fire Magic
 + Level 1.7 Ice Magic
 + Level 1.7 Air Magic
 + Level 1.7 Earth Magic
 + Level 1.7 Poison Magic
 + Level 2.3 Invocations
 + Level 2.1 Evocations


You had 9 spell levels left.
You knew the following spells:

 Your Spells              Type           Power      Damage    Failure   Level
a - Kiss of Death         Conj/Necr      60%        2d10      8%          1
b - Momentum Strike       Conj/Tloc      30%        3d8       12%         2
c - Hailstorm             Conj/Ice       15%        3d5       24%         3

Your spell library contained the following spells:

 Spells                   Type           Power      Damage    Failure   Level
 Alistair's Intoxication  Tmut/Pois      6%         N/A       99%         5
 Borgnjor's Vile Clutch   Necr/Erth      4%         N/A       99%         5
 Eringya's Noxious Bog    Tmut/Pois      4%         N/A       100%        6


Dungeon Overview and Level Annotations

Branches:
Dungeon (4/15)
 Temple: D:4-7

Altars:
Gozag
The Shining One

Annotations:
D:3 2 transporters, 3 runed translucent doors, Crazy Yiuf; Darkkill's ghost, amateur MiHu


Innate Abilities, Weirdness & Mutations

You have very sharp teeth.
Your uncanny sense of smell can sniff out nearby items.
Your experience applies equally to all skills.


Message History

The orc priest barely misses you.
You closely miss the orc priest.
The orc priest is moderately wounded.
The orc priest calls down the wrath of Beogh upon you.
You barely resist. You closely miss the orc priest.
The orc priest is moderately wounded.
It was a potion of attraction.
You feel attractive to monsters. The orc priest misses you.
You aren't carrying any items that you can evoke.
You hit the orc priest but do no damage.
You bite the orc priest, but do no damage.
The orc priest is moderately wounded.
The orc priest closely misses you.
You hit the orc priest.
The orc priest is moderately wounded.
The orc priest closely misses you.
You hit the orc priest but do no damage.
The orc priest is moderately wounded.
The orc priest barely misses you.
You hit the orc priest but do no damage.
You punch the orc priest. Your bite misses the orc priest.
The orc priest is heavily wounded.
The orc priest hits you with a +0 dagger.
* * * LOW HITPOINT WARNING * * *
You hit the orc priest but do no damage.
You bite the orc priest, but do no damage.
The orc priest is heavily wounded.
The orc priest hits you with a +0 dagger.
* * * LOW HITPOINT WARNING * * *
You slash the orc priest!
The orc priest is almost dead.
The orc priest hits you but does no damage.
You hit the orc priest but do no damage.
Your bite misses the orc priest.
The orc priest is almost dead.
The orc priest invokes the aid of Beogh against you.
Beogh smites you!
You die...

##########...
##........+...
##..###........
###..###..####### #...##
#.##......
####.######.#8.##.##
#....# #...#..##.##
#.#).####...#.......
#.o@†.)))..©#..©....
####..#####...#.......
###.....#####...#..##.##
#..........##...#8.##.##
#.#.##..##.####.##...©w.
#.##.......# #.÷#######
#....##....#####........
##########....#######.##
####.###.....#


You could see an orc priest.

Vanquished Creatures
  Grinder (D:3)
  A hound (D:3)
  An orc priest (D:3)
  5 adders
  A worm (D:3)
  3 dart slugs
  5 orcs
  4 bats
  5 endoplasms
  A giant cockroach (D:3)
  4 goblins
  7 hobgoblins
  4 jackals (D:1)
  2 quokkas (D:3)
  4 frilled lizards
  A kobold (D:3)
  2 rats
51 creatures vanquished.

Notes
Turn   | Place    | Note
-------+----------+-------------------------------------------
     0 | D:1      | garrulousMonolith the Gnoll Reaver began the quest for the
                  | Orb.
     0 | D:1      | Reached XP level 1. HP: 20/20 MP: 6/6
   149 | D:1      | Reached XP level 2. HP: 26/26 MP: 7/7
   161 | D:1      | Learned a level 2 spell: Momentum Strike
   996 | D:2      | Reached skill level 5 in Spellcasting
   996 | D:2      | Reached XP level 3. HP: 26/31 MP: 7/9
  1000 | D:2      | Learned a level 3 spell: Hailstorm
  1272 | D:2      | Reached skill level 1 in Invocations
  1562 | D:3      | Reached skill level 1 in Short Blades
  1562 | D:3      | Reached skill level 1 in Axes
  1562 | D:3      | Reached skill level 1 in Maces & Flails
  1562 | D:3      | Reached skill level 1 in Polearms
  1562 | D:3      | Reached skill level 1 in Staves
  1562 | D:3      | Reached skill level 1 in Ranged Weapons
  1562 | D:3      | Reached skill level 1 in Throwing
  1562 | D:3      | Reached skill level 1 in Armour
  1562 | D:3      | Reached skill level 1 in Stealth
  1562 | D:3      | Reached skill level 1 in Shields
  1562 | D:3      | Reached skill level 1 in Unarmed Combat
  1562 | D:3      | Reached skill level 1 in Evocations
  1562 | D:3      | Reached XP level 4. HP: 29/37 MP: 9/11
  1876 | D:3      | Found a transporter.
  1878 | D:3      | Found an opulent altar of Gozag.
  1879 | D:3      | Found a transporter.
  1893 | D:3      | Noticed a sky beast
  1901 | D:3      | Reached skill level 1 in Hexes
  1901 | D:3      | Reached skill level 1 in Summonings
  1901 | D:3      | Reached skill level 1 in Necromancy
  1901 | D:3      | Reached skill level 1 in Translocations
  1901 | D:3      | Reached skill level 1 in Transmutations
  1901 | D:3      | Reached skill level 1 in Fire Magic
  1901 | D:3      | Reached skill level 1 in Ice Magic
  1901 | D:3      | Reached skill level 1 in Air Magic
  1901 | D:3      | Reached skill level 1 in Earth Magic
  1901 | D:3      | Reached skill level 1 in Poison Magic
  2118 | D:3      | Found a glowing golden altar of the Shining One.
  2247 | D:3      | Noticed Grinder
  2266 | D:3      | Paralysed by Grinder for 2 turns
  2292 | D:3      | Killed Grinder
  2293 | D:3      | Reached skill level 5 in Fighting
  2293 | D:3      | Reached skill level 5 in Dodging
  2293 | D:3      | Reached XP level 5. HP: 24/44 MP: 12/12
  2293 | D:3      | Reached XP level 6. HP: 28/51 MP: 14/14
  2536 | D:3      | Found a runed translucent door.
  2562 | D:3      | Noticed Darkkill's ghost (amateur MiHu)
  2604 | D:3      | Found a runed translucent door.
  2708 | D:3      | Found a runed translucent door.
  2709 | D:3      | Noticed Crazy Yiuf
  3094 | D:3      | Killed from afar by an orc priest

Illustrated notes

Levels and vault maps discovered:
D:1:      wander_arrival_lonely_grave, layout_basic, corexii_leaking_fountain
D:2:      layout_basic
D:3:      layout_basic, gammafunk_temple_overflow_arena, ebering_ghost_sewer_f,
          grunt_decor_fettered, uniq_grinder, uniq_crazy_yiuf_cottage
D:4:      layout_loops_ring, minmay_temple_entry_gardened_gates,
          chequers_serial_rivers_micro_c

Skill      XL: |  1  2  3  4 |
---------------+-------------+-----
Spellcasting   | 5 |  5.4
Invocations    | 1 2 |  2.3
Short Blades   | 1 2 |  2.1
Axes           | 1 2 |  2.1
Maces & Flails | 1 2 |  2.1
Polearms       | 1 2 |  2.1
Staves         | 1 2 |  2.1
Ranged Weapons | 1 2 |  2.1
Throwing       | 1 2 |  2.1
Armour         | 1 2 |  2.1
Stealth        | 1 2 |  2.1
Shields        | 1 2 |  2.1
Unarmed Combat | 1 2 |  2.1
Evocations     | 1 2 |  2.1
Hexes          | 1 |  1.7
Summonings     | 1 |  1.7
Necromancy     | 1 |  1.7
Translocations | 1 |  1.7
Transmutations | 1 |  1.7
Fire Magic     | 1 |  1.7
Ice Magic      | 1 |  1.7
Air Magic      | 1 |  1.7
Earth Magic    | 1 |  1.7
Poison Magic   | 1 |  1.7
Fighting       | 5 |  5.0
Dodging        | 5 |  5.0
Long Blades    | |  6.9
Conjurations   | |  5.7

Action                     |  1- 3 |  4- 6 || total
---------------------------+-------+-------++-------
  Melee: Falchion          |    91 |   127 ||   218
         Bite              |    12 |    11 ||    23
         Punch             |     1 |     4 ||     5
   Fire: Sling             |       |    35 ||    35
   Cast: Kiss of Death     |     1 |       ||     1
         Momentum Strike   |       |     1 ||     1
    Use: Potion            |       |     4 ||     4
 Armour: Leather armour    |    16 |       ||    16
         Scale mail        |    12 |       ||    12
         Ring mail         |     4 |    49 ||    53
         Skin              |       |    10 ||    10
  Dodge: Dodged            |    55 |    75 ||   130

Table legend: (Time is in decaauts)
 A = Elapsed time spent in this place.
 B = Non-inter-level travel time spent in this place.
 C = Inter-level travel time spent in this place.
 D = Time resting spent in this place.
 E = Time spent auto-exploring this place.
 F = Levels seen in this place.
 G = Mean time per level.
                   A        B        C        D        E       F      G
               +--------+--------+--------+--------+--------+-----+--------+
         Total |   3101 |   2988 |    113 |    615 |   1829 |   4 |  775.2 |
       Dungeon |   3101 |   2988 |    113 |    615 |   1829 |   4 |  775.2 |
               +--------+--------+--------+--------+--------+-----+--------+

Top non-repeatable levels by time:
     D:3: 1538 daAuts
     D:1: 782 daAuts
     D:2: 768 daAuts
     D:4: 12 daAuts
